 Dungeon Crawl Stone Soup version 0.18.1-6-gd335043 (webtiles) character file.

756 Kenran the Martial Artist (level 7, -9/39 HPs)
             Began as a Vine Stalker Monk on May 17, 2016.
             Was an Initiate of Gozag.
             Mangled by Mandevil's ghost (17 damage)
             ... on level 6 of the Dungeon.
             The game lasted 00:22:23 (5425 turns).

Kenran the Martial Artist (Vine Stalker Monk)       Turns: 5425, Time: 00:22:24

Health: -9/39      AC: 10    Str: 14    XL:     7   Next: 79%
Magic:  0/8        EV: -1    Int: 10    God:    Gozag
Gold:   516        SH:  0    Dex: 18    Spells: 0 memorised, 6 levels left

rFire  . . .     SeeInvis .       - Unarmed
rCold  . . .     Gourm    .     l - +0 plate armour
rNeg   . . .     Faith    .     (no shield)
rPois  .         Spirit   +     (no helmet)
rElec  .         Dismiss  .     (no cloak)
rCorr  .         Reflect  .     (no gloves)
SustAt .         Harm     .     (no boots)
MR     .....                    (no amulet)
Stlth  ..........               (no ring)
                                (no ring)

@: lethally poisoned (-9 -> -20), not resistant to hostile enchantments,
extremely unstealthy
A: fangs 2, regeneration 2, magic shield, antimagic bite, no device heal 3, rot
immunity
a: Potion Petition, Call Merchant, Bribe Branch, Renounce Religion


You were on level 6 of the Dungeon.
You worshipped Gozag.
Gozag was noncommittal.
You were not hungry.

You visited 1 branch of the dungeon, and saw 6 of its levels.

You collected 541 gold pieces.
You spent 25 gold pieces at shops.

Inventory:

Missiles
 j - 206 stones (quivered)
Armour
 l - a +0 plate armour (worn)
 p - a +0 pair of gloves
Jewellery
 i - an uncursed amulet of harm {unknown}
Scrolls
 e - a scroll of teleportation
 h - 3 scrolls of identify
 q - a scroll of fog
 s - a scroll of immolation {unknown}
 u - a scroll of remove curse
 x - a scroll of fear
 y - a scroll of noise {unknown}
Potions
 a - a potion of flight {unknown}
 c - 2 potions of degeneration {unknown}
 d - a potion of haste {unknown}
 f - 3 potions of curing {unknown}
 k - a potion of berserk rage {unknown}
 m - a potion of might {unknown}
 n - 2 potions of magic {unknown}
 o - a potion of heal wounds {unknown}
 t - a potion of invisibility
 z - a potion of lignification {unknown}
Books
 r - a book of the Earth

   Spells                             Type                      Level
   a - Leda's Liquefaction            Hexes/Earth                  4
   b - Bolt of Magma                  Conjuration/Fire/Earth       5
   c - Statue Form                    Transmutation/Earth          6
   d - Iron Shot                      Conjuration/Earth            6
   e - Shatter                        Earth                        9
Comestibles
 b - 7 bread rations
 g - 4 meat rations
 v - 3 fruits
 w - a slice of pizza


   Skills:
 - Level 5.0 Fighting
 + Level 0.0 Armour
 - Level 2.4 Dodging
 - Level 2.4 Stealth
 - Level 8.0 Unarmed Combat


You had 6 spell levels left.
You didn't know any spells.

Dungeon Overview and Level Annotations

Branches:
Dungeon (6/15)             Temple (0/1) D:5

Altars:
Gozag
Nemelex Xobeh
Ru
Zin

Shops:
D:4 *[(

Annotations:
D:6 Mandevil's ghost, novice OgWr


Innate Abilities, Weirdness & Mutations

You have extremely sharp teeth.
You heal very quickly.
When hurt, damage is shared between your health and your magic reserves.
Your bite disrupts and absorbs the magic of your enemies.
Potions and wands cannot restore your health.
You are immune to rotting.


Message History

There is an open door here.
There is a stone staircase leading up here.
You punch Mandevil's ghost! You bite Mandevil's ghost. You drain its power.
Mandevil's ghost is lightly damaged.
Mandevil's ghost hits you but does no damage.
You hit Mandevil's ghost but do no damage.
You bite Mandevil's ghost, but do no damage.
Mandevil's ghost is lightly damaged.
Mandevil's ghost hits you!!
You hit Mandevil's ghost but do no damage.
You bite Mandevil's ghost, but do no damage.
Mandevil's ghost is lightly damaged.
Mandevil's ghost hits you!
* * * LOW HITPOINT WARNING * * *
You are lethally poisoned!
* * * LOW HITPOINT WARNING * * *
You feel very sick. Mandevil's ghost hits you!!
You die...
Your body crumbles into a pile of gold.

$ $ ### #@####
#.W..# #.###+##
##+##'#### #.#...#.
#........# #.#.#.#.
#.....W..###.#.#...
#........##........
#........##...#..##
#........##...#....
#........####......


You could see Mandevil's ghost.

Vanquished Creatures
  Eustachio (D:5)
  A giant frog (D:6)
  A gnoll sergeant (D:5)
  A hound (D:4)
  A jelly (D:5)
  2 orc priests
  2 orc wizards (D:4)
  Terence (D:2)
  3 worker ants
  4 gnolls (D:5)
  4 adders
  A shadow imp (D:5)
  An adder skeleton (D:4)
  3 worms
  A dart slug (D:2)
  6 giant geckos
  12 orcs
  7 bats
  4 giant cockroaches
  9 goblins
  8 hobgoblins
  10 jackals
  3 quokkas
  2 ball pythons
  A giant gecko skeleton (D:5)
  3 giant newts (D:1)
  A jackal skeleton (D:5)
  9 kobolds
  6 rats
108 creatures vanquished.

Notes
Turn   | Place    | Note
--------------------------------------------------------------
     0 | D:1      | Kenran the Vine Stalker Monk began the quest for the Orb.
     0 | D:1      | Reached XP level 1. HP: 11/11 MP: 2/2
   199 | D:1      | Reached XP level 2. HP: 15/16 MP: 3/3
  1112 | D:1      | Reached XP level 3. HP: 9/19 MP: 4/4
  1209 | D:1      | Reached skill level 5 in Unarmed Combat
  1735 | D:2      | Noticed Terence
  2033 | D:2      | Reached XP level 4. HP: 15/23 MP: 3/5
  2468 | D:3      | Reached skill level 6 in Unarmed Combat
  2721 | D:3      | Reached XP level 5. HP: 25/28 MP: 3/6
  2922 | D:3      | Found a sparkling altar of Nemelex Xobeh.
  3384 | D:4      | Found Zoiqio Huxt's Armour Shoppe.
  3442 | D:4      | Found a glowing silver altar of Zin.
  3443 | D:4      | Found an opulent altar of Gozag.
  3458 | D:4      | Became a worshipper of Gozag Ym Sagoz the Greedy
  3693 | D:4      | Found Heulelem's Assorted Antiques.
  3696 | D:4      | Bought a scroll labeled GIUHOLLOEP for 25 gold pieces
  3745 | D:4      | Found a sacrificial altar of Ru.
  3885 | D:4      | Found Acovi's Weapon Shoppe.
  3934 | D:5      | Entered Level 5 of the Dungeon
  4005 | D:4      | Gained mutation: You heal very quickly. [Vine Stalker growth]
  4005 | D:4      | Reached XP level 6. HP: 14/33 MP: 4/7
  4199 | D:5      | Reached skill level 5 in Fighting
  4265 | D:5      | Noticed Eustachio
  4719 | D:2      | Killed Terence
  4899 | D:5      | Killed Eustachio
  4899 | D:5      | Reached skill level 7 in Unarmed Combat
  4899 | D:5      | Reached XP level 7. HP: 33/39 MP: 6/8
  5022 | D:5      | Found a staircase to the Ecumenical Temple.
  5381 | D:6      | Reached skill level 8 in Unarmed Combat
  5394 | D:6      | Noticed Mandevil's ghost (novice OgWr)
  5425 | D:6      | Mangled by Mandevil's ghost

Skill      XL: |  1  2  3  4  5  6  7 |
---------------+----------------------+-----
Unarmed Combat | 5 6 7 8 |  8.0
Fighting       | 3 4 5 |  5.0
Dodging        | |  2.4
Stealth        | |  2.4

Action                   |  1- 3 |  4- 6 |  7- 9 || total
-------------------------+-------+-------+-------++-------
Melee: Unarmed           |   143 |   198 |    93 ||   434
       Bite              |    33 |    52 |    43 ||   128
       Punch             |     1 |     4 |       ||     5
Throw: Stone             |       |    10 |       ||    10
Invok: Potion Petition   |       |     1 |       ||     1
  Use: Scroll            |     2 |     8 |       ||    10
 Stab: Sleeping          |     3 |       |       ||     3
       Paralysed         |       |     3 |       ||     3
  Eat: Chunk             |     3 |     4 |       ||     7
       Beef jerky        |       |     1 |       ||     1
       Meat ration       |       |     1 |       ||     1
       Fruit             |       |       |     1 ||     1
Armor: Leather armour    |    37 |       |       ||    37
       Robe              |     1 |       |       ||     1
       Ring mail         |     1 |     2 |       ||     3
       Plate armour      |       |   103 |    52 ||   155
Dodge: Dodged            |    97 |    44 |    12 ||   153
